 Dungeon Crawl Stone Soup version 0.31-a0-750-gfe7b580527 (webtiles) character file.

Game seed: 14815328765341106858

168 Thejackels the Trooper (level 5, -4/42 (46) HPs)
             Began as a Human Chaos Knight on Sept 14, 2023.
             Was a Plaything of Xom.
             Slain by a hobgoblin (5 damage)
             ... led by Robin
             ... on level 2 of the Dungeon.
             The game lasted 00:31:21 (1771 turns).

Thejackels the Trooper (Human Chaos Knight)         Turns: 1771, Time: 00:31:22

HP:   -4/42 (46)    AC:  5    Str: 17 (20) XL:     5   Next: 77%
MP:   5/5           EV: 11    Int: 10 (13) God:    Xom [......]
Gold: 65            SH:  0    Dex:  9 (12) Spells: 4/4 levels left

rFire   . . .        o - +0 flail
rCold   . . .        (no shield)
rNeg    . . .        b - +2 leather armour
rPois   +            (no helmet)
rElec   .            (no cloak)
rCorr   .            (no gloves)
SInv    .            (no boots)
Will    .....        g - amulet of regeneration
Stlth   +            h - +6 ring of strength
HPRegen 1.07/turn    (no ring)
MPRegen 0.09/turn

%: no passive effects
@: brilliant, lethally poisoned (-4 -> -5), hasted, drained, very quick
A: poison resistance, robust 1
a: Renounce Religion


You were on level 2 of the Dungeon.
You worshipped Xom.
You were a very special plaything of Xom.
You visited 1 branch of the dungeon, and saw 2 of its levels.

You collected 65 gold pieces.

Inventory:

Hand Weapons
 a - a +0 spear of chaos
 f - a +0 spear of venom
 o - a +0 flail (weapon)
Armour
 b - a +2 leather armour (worn)
 e - a +0 chain mail
Jewellery
 g - an amulet of regeneration (around neck)
 h - a +6 ring of strength (left hand)
 m - a ring of see invisible
Talismans
 n - a flux talisman


   Skills:
 + Level 4.2 Fighting
 + Level 3.9 Polearms
 + Level 3.0 Armour
 + Level 2.0 Dodging
 + Level 1.3 Stealth


You had 4 spell levels left.
You didn't know any spells.
Your spell library contained the following spells:

 Spells                   Type           Power      Damage    Failure   Level
 Sublimation of Blood     Necr           0%         N/A       56%         2
 Call Canine Familiar     Summ           0%         N/A       80%         3
 Sigil of Binding         Hex            0%         N/A       80%         3
 Dimensional Bullseye     Hex/Tloc       0%         N/A       99%         4
 Leda's Liquefaction      Hex/Erth       0%         N/A       99%         4
 Petrify                  Tmut/Erth      0%         N/A       99%         4
 Irradiate                Conj/Tmut      0%         3d11      100%        5


Dungeon Overview and Level Annotations

Branches:
Dungeon (2/15)

Altars:
Xom

Shops:
D:1 :![

Annotations:
D:2 Robin


Innate Abilities, Weirdness & Mutations

Your system is resistant to poisons. (rPois)
You are robust. (+10% HP)


Message History

The hobgoblin closely misses you. The goblin hits you but does no damage.
The goblin barely misses you. x2; The goblin hits you but does no damage.
You hit the goblin.
The goblin is heavily wounded.
You feel sick. The hobgoblin misses you.
The goblin hits you with a +0 dagger of venom.
The goblin barely misses you. The goblin hits you but does no damage.
The goblin hits you with a +0 club.
You sock the goblin!
You kill the goblin!
You feel sick. The hobgoblin hits you. The goblin barely misses you.
The goblin closely misses you. The goblin hits you with a +0 club.
You closely miss the goblin.
The goblin is heavily wounded.
You feel sick. The goblin barely misses you. The hobgoblin hits you.
The goblin completely misses you. The goblin hits you with a +0 dagger.
The goblin hits you with a +0 club.
* * * LOW HITPOINT WARNING * * *
You sock the goblin!
You kill the goblin!
You feel sick.
You are no longer poisoned.
The goblin hits you with a +0 club.
* * * LOW HITPOINT WARNING * * *
The hobgoblin closely misses you.
The goblin hits you with a +0 dagger of venom.
* * * LOW HITPOINT WARNING * * *
You are lethally poisoned!
The goblin closely misses you.
You are too injured to fight recklessly!
Nothing quivered!
Nothing quivered!
Okay, then.
Okay, then.
You hit the goblin but do no damage.
* * * LOW HITPOINT WARNING * * *
You feel very sick.
The goblin no longer looks unusually strong.
The goblin hits you but does no damage. The hobgoblin hits you.
You die...

###...
..##########
......
.....gg@gg.#
###...
.....gggg..# #
.......gg..# # #
...........#
#.##..#
...........#
......#
...........#
#.#....
............# .#
###............#
### ......


You could see Robin, a hobgoblin (strong) and 8 goblins.

Vanquished Creatures
  A floating eye (shapeshifter) (D:2)
  4 gnolls (D:2)
  2 bats (D:1)
  6 endoplasms
  2 giant cockroaches (D:1)
  4 goblins
  A hobgoblin (D:2)
  3 kobolds (D:2)
  A quokka (D:1)
  4 rats
28 creatures vanquished.

Notes
Turn   | Place    | Note
-------+----------+-------------------------------------------
     0 | D:1      | Thejackels the Human Chaos Knight began the quest for the
                  | Orb.
     0 | D:1      | Reached XP level 1. HP: 18/18 MP: 1/1
    97 | D:1      | XOM: silly message
   377 | D:1      | XOM is BORED!
   377 | D:1      | XOM: give mutation
   377 | D:1      | Gained mutation: You are strong-willed. (Will+) [Xom's
                  | mischief]
   474 | D:1      | XOM: polymorph frilled lizard -> goblin
   478 | D:1      | Reached XP level 2. HP: 19/24 MP: 2/2
   502 | D:1      | Found Ocarot's Book Shoppe.
   549 | D:1      | Found Numec's Antique Armour Boutique.
   560 | D:1      | Found Butaum's Distillery.
   594 | D:1      | Found a faded altar of an unknown god.
   815 | D:1      | XOM: cloud trail
  1354 | D:2      | XOM: 4-stop teleportation journey
  1390 | D:2      | HP: 1/24 [adder (1)]
  1394 | D:2      | XOM: summons friendly shadow imp
  1395 | D:2      | HP: 1/24 [poisoned by an adder]
  1406 | D:2      | an adder changed into a shapeshifter
  1406 | D:2      | Noticed a shapeshifter (shapeshifter)
  1406 | D:2      | XOM: polymorph adder -> shapeshifter
  1406 | D:2      | a shapeshifter changed into a blink frog
  1406 | D:2      | Noticed a blink frog (shapeshifter)
  1409 | D:2      | a blink frog changed into a yak
  1409 | D:2      | Noticed a yak (shapeshifter)
  1412 | D:2      | a yak changed into a tarantella
  1412 | D:2      | Noticed a tarantella (shapeshifter)
  1413 | D:2      | XOM: fog
  1414 | D:2      | a tarantella changed into a floating eye
  1414 | D:2      | Noticed a floating eye (shapeshifter)
  1416 | D:2      | XOM: scenery: create altars
  1419 | D:2      | Killed a floating eye
  1420 | D:2      | Reached skill level 4 in Fighting
  1420 | D:2      | Reached skill level 1 in Stealth
  1420 | D:2      | Reached XP level 3. HP: 21/30 MP: 3/3
  1420 | D:2      | Reached XP level 4. HP: 26/37 MP: 4/4
  1420 | D:2      | Reached XP level 5. HP: 30/42 MP: 5/5
  1607 | D:2      | XOM: draining
  1654 | D:2      | Identified a scroll of acquirement
  1654 | D:2      | Acquired a +6 ring of strength
  1712 | D:2      | HP: 1/37 [gnoll/+0 flail (3)]
  1716 | D:2      | XOM: butterfly on damage
  1755 | D:2      | Noticed Robin
  1755 | D:2      | XOM: 6-stop teleportation journey
  1764 | D:2      | Lost mutation: You are strong-willed. (Will+) [potion of
                  | mutation]
  1764 | D:2      | Gained mutation: Your system is resistant to poisons.
                  | (rPois) [potion of mutation]
  1764 | D:2      | Gained mutation: You are robust. (+10% HP) [potion of
                  | mutation]
  1771 | D:2      | HP: 1/42 [poisoned by a goblin]
  1771 | D:2      | Slain by a hobgoblin

Illustrated notes

Levels and vault maps discovered:
D:1:      doesnt_arrival_eight_statues, layout_basic, serial_shops,
          nicolae_shop_competitors_out_of_business, nicolae_shop_stone,
          nicolae_shop_statue_plus, shapermc_ecumenical_altar_mp_ritualfount,
          nrook_loot_triangle
D:2:      layout_basic, uniq_terence, uniq_robin

Skill      XL: |  1  2  3  4  5 |
---------------+----------------+-----
Fighting       | 4 |  4.2
Stealth        | 1 |  1.3
Armour         | 3 |  3.0
Dodging        | 2 |  2.0
Polearms       | |  3.9

Action                     |  1- 3 |  4- 6 || total
---------------------------+-------+-------++-------
  Melee: Spear             |    72 |    18 ||    90
         Punch             |     1 |       ||     1
         Flail             |       |    24 ||    24
    Use: Scroll            |     2 |     3 ||     5
         Potion            |       |     6 ||     6
 Armour: Leather armour    |    41 |    60 ||   101
  Dodge: Dodged            |    48 |    43 ||    91

Table legend: (Time is in decaauts)
 A = Elapsed time spent in this place.
 B = Non-inter-level travel time spent in this place.
 C = Inter-level travel time spent in this place.
 D = Time resting spent in this place.
 E = Time spent auto-exploring this place.
 F = Levels seen in this place.
 G = Mean time per level.
                   A        B        C        D        E       F      G
               +--------+--------+--------+--------+--------+-----+--------+
         Total |   1771 |   1746 |     25 |      0 |    650 |   2 |  885.5 |
       Dungeon |   1771 |   1746 |     25 |      0 |    650 |   2 |  885.5 |
               +--------+--------+--------+--------+--------+-----+--------+

Top non-repeatable levels by time:
     D:1: 1248 daAuts
     D:2: 523 daAuts
